 Dungeon Crawl Stone Soup version 0.30.1-4-g462c640d31 (webtiles) character file.

Game seed: 2882813675129489958

39 spardeous the Conjurer (level 3, -1/26 HPs)
             Began as a Demigod Conjurer on Aug 28, 2023.
             Slain by Sigmund
             ... wielding a +0 scythe
              (11 damage)
             ... on level 2 of the Dungeon.
             The game lasted 00:01:38 (1916 turns).

spardeous the Conjurer (Demigod Conjurer)           Turns: 1916, Time: 00:01:39

Health: -1/26      AC:  3    Str: 12    XL:     3   Next: 11%
Magic:  3/8        EV: 12    Int: 20    God:
Gold:   87         SH:  0    Dex: 12    Spells: 2/5 levels left

rFire   . . .        i - +0 hand axe
rCold   . . .        (no shield)
rNeg    . . .        a - +0 robe
rPois   .            (no helmet)
rElec   .            (no cloak)
rCorr   .            (no gloves)
SInv    .            h - +0 pair of boots
Will    .....        (no amulet)
Stlth   +            (no ring)
HPRegen 0.24/turn    (no ring)
MPRegen 0.11/turn

%: no passive effects
@: confused
A: high MP 1, forlorn, divine attributes
a: no special abilities


You were on level 2 of the Dungeon.
You visited 1 branch of the dungeon, and saw 2 of its levels.

You collected 87 gold pieces.

Inventory:

Hand Weapons
 i - a +0 hand axe (weapon)
Armour
 a - a +0 robe (worn)
 h - a +0 pair of boots (worn)
Scrolls
 c - a scroll of blinking {unknown}
 d - 5 scrolls of identify {unknown}
 e - a scroll of magic mapping {unknown}
 f - a scroll of vulnerability {unknown}
 j - a scroll of teleportation {unknown}
Potions
 b - a potion of magic
 g - a potion of invisibility {unknown}


   Skills:
 - Level 1.7 Dodging
 - Level 1.7 Stealth
 - Level 1.7 Spellcasting
 + Level 4.7 Conjurations


You had 2 spell levels left.
You knew the following spells:

 Your Spells              Type           Power      Damage    Failure   Level
a - Magic Dart            Conj           80%        1d7       2%          1
b - Searing Ray           Conj           40%        2d5       3%          2

Your spell library contained the following spells:

 Spells                   Type           Power      Damage    Failure   Level
 Dazzling Flash           Conj/Hex       22%        N/A       19%         3
 Fulminant Prism          Conj/Hex       5%         3d7       52%         4
 Iskenderun's Mystic Bla  Conj/Tloc      11%        2d4       52%         4


Dungeon Overview and Level Annotations

Branches:
Dungeon (2/15)

Annotations:
D:2 Sigmund


Innate Abilities, Weirdness & Mutations

You have an increased reservoir of magic. (+10% MP)
You shall have no god before yourself.
Your divine heritage dramatically boosts your attributes as you level up.


Message History

There is a stone staircase leading up here.
You climb upwards.
Reactivating autopickup.
There is a stone staircase leading down here.
You start resting.
Magic restored.
You regained 4 hp, and now have 15/26 hp.
MP restored: 8 You start resting.
HP restored.
Health restored: 26 You climb downwards.
Level annotation: Sigmund
There is a stone staircase leading up here.
Casting: Searing Ray (safe; 3% risk of failure)
Confirm with . or Enter, or press ? or * to list all spells.
Aiming: Searing Ray (safe; 3% risk of failure)
Press: ? - help, Shift-Dir - straight line, f - Sigmund
Aim: Sigmund, wielding a +0 scythe and wearing a +0 robe (lightly wounded, 75% to hit)
The searing ray hits Sigmund.
Sigmund is moderately wounded. (Press . to maintain the ray.) Sigmund gestures wildly while chanting.
Sigmund flickers and vanishes!
Deactivating autopickup; reactivate with Ctrl-A.
You now have 6/8 mp.
The searing ray hits something.
You now have 5/8 mp.
Something hits you!
You take 8 damage, and have 18/26 hp.
MASSIVE DAMAGE!!
You now have 4/8 mp.
You finish channelling your searing ray.
You now have 3/8 mp.
You hear some strange, mumbled words.
You are confused.
You bump into the rock wall.
Something hits you!
* * * LOW HITPOINT WARNING * * *
You take 10 damage, and have 9/26 hp.
MASSIVE DAMAGE!!
You bump into the rock wall.
Something hits you!
You die...

#.#...# #.#...###
#.<.....#
#.......#
######.......#
#......#...###
#.######<..# #.#
##{## ##.## #@#
##...######.#
#.{#........#
######....########
...(....#.#
######.#.## #.###
######.# .......#


There were no monsters in sight!

Vanquished Creatures
  2 worms (D:2)
  A dart slug (D:1)
  5 ball pythons
  An endoplasm (D:2)
  A giant cockroach (D:2)
  2 goblins (D:1)
  2 hobgoblins (D:1)
  4 jackals (D:1)
  5 kobolds (D:1)
  3 frilled lizards (D:1)
  6 rats (D:1)
32 creatures vanquished.

Notes
Turn   | Place    | Note
-------+----------+-------------------------------------------
     0 | D:1      | spardeous the Demigod Conjurer began the quest for the Orb.
     0 | D:1      | Reached XP level 1. HP: 14/14 MP: 5/5
   334 | D:1      | Reached skill level 4 in Conjurations
   442 | D:1      | Reached XP level 2. HP: 16/20 MP: 0/7
  1472 | D:2      | Learned a level 2 spell: Searing Ray
  1626 | D:2      | Reached XP level 3. HP: 26/26 MP: 6/8
  1757 | D:2      | Noticed Sigmund
  1916 | D:2      | Slain by Sigmund

Illustrated notes

Levels and vault maps discovered:
D:1:      psy_arrival_fountain, layout_loops_corners, minmay_misc_feat_diagonals
D:2:      layout_loops_ring, uniq_sigmund

Skill      XL: |  1 |
---------------+----+-----
Conjurations   | 4 |  4.7
Dodging        | |  1.7
Stealth        | |  1.7
Spellcasting   | |  1.7

Action                     || total
---------------------------++-------
  Melee: Hand axe          ||     8
   Cast: Magic Dart        ||    71
         Searing Ray       ||     2
 Armour: Robe              ||     2
  Dodge: Dodged            ||    27
